 Crawl Stoat Soup version 0.23-ish-327-87-g3a41155e8f (console) character file.

14 hilarita the Bolt Thrower (level 2, -2/23 HPs)
             Began as a Formicid Hunter on Mar 31, 2024.
             Slain by a goblin
             ... wielding a +0 club
              (6 damage)
             ... on level 1 of the Dungeon.
             The game lasted 00:02:36 (611 turns).

hilarita the Bolt Thrower (Formicid Hunter)          Turns: 611, Time: 00:02:37

Health: -2/23      AC:  3    Str: 16    XL:     2   Next: 60%
Magic:  2/2        EV:  8    Int: 10    God:
Gold:   22         SH:  7    Dex: 11    Spells: 1/1 levels left

rFire    . . .     SeeInvis +   a - +1 hand crossbow
rCold    . . .     Gourm    .   i - +0 kite shield
rNeg     . . .     Faith    .   c - +0 leather armour
rPois    .         Spirit   .   (helmet unavailable)
rElec    .         Warding  .   (no cloak)
rCorr    .         Reflect  .   (no gloves)
MR       .....     Harm     .   (no boots)
Stlth    +.........             (no amulet)
HPRegen  0.07/turn              (no ring)
MPRegen  0.08/turn              (no ring)

@: no status effects
A: permanent stasis, dig shafts and tunnels, four strong arms, antennae 3
a: Dig, Shaft Self


You were on level 1 of the Dungeon.
You were not hungry.

You visited 1 branch of the dungeon, and saw 1 of its levels.

You collected 22 gold pieces.

Inventory:

Hand Weapons
 a - a +1 hand crossbow (weapon)
 b - a +0 short sword
Missiles
 d - 19 bolts (quivered)
 h - 24 sling bullets
Armour
 c - a +0 leather armour (worn)
 i - a +0 kite shield (worn)
Potions
 e - a potion of resistance {unknown}
 j - a potion of cancellation {unknown}
 k - a potion of agility {unknown}
 l - a potion of curing {unknown}
Comestibles
 f - a bread ration
 g - 2 chunks of flesh


   Skills:
 + Level 2.5 Fighting
 * Level 4.3 Crossbows
 + Level 0.9 Armour
 - Level 1.7 Dodging
 - Level 1.2 Stealth


You had one spell level left.
You didn't know any spells.
Your spell library was empty.

Dungeon Overview and Level Annotations

Branches:
Dungeon (1/15)

Altars:


Innate Abilities, Weirdness & Mutations

You cannot be hasted, slowed, berserked, paralysed or teleported.
You can dig through walls and to a lower floor.
Your four strong arms can wield any weapon, usually with a shield.
You have a pair of large antennae on your head. (SInv)


Message History

The goblin is heavily wounded.
The goblin hits you with a club.
You closely miss the goblin.
The goblin is heavily wounded.
The goblin hits you with a club.
You barely miss the goblin.
The goblin is heavily wounded.
The goblin hits you with a club.
* * * LOW HITPOINT WARNING * * *
You hit the goblin but do no damage.
The goblin is heavily wounded.
The goblin hits you with a club.
* * * LOW HITPOINT WARNING * * *
a - a +1 hand crossbow (weapon)
Firing (i - inventory)
d - 20 bolts (quivered)
Press: ? - help, Shift-Dir - straight line, f - goblin
Aim: a goblin, wielding a club (heavily wounded)
You shoot a bolt. The bolt closely misses the goblin.
The goblin hits you with a club.
You die...

######### { #........ #........
........ ..## #........
#.#..#.##### #..# #........
#.#..#.#... ..# #........
#.#....#.########.## #...)....
#.#.............#..# #........
#.#....#.###..#.#..# #........
##.#.#..#......#รท#..#####........
.........(.....g@...........>....
##.#.#..#........#.#.####'#######
...#.#..{..#########..##.....)...
.....#...........................
.....################.#..........
.....'.............##.#..........
.....#############.##.#..........
.....# #.##............ .....#
#.###..#'####### .....# #.# #..#.#
.....# #.# ##.#.#######


You could see a goblin.

Vanquished Creatures
  A dart slug (D:1)
  A giant cockroach (D:1)
  A goblin (D:1)
  4 jackals (D:1)
  A bat (D:1)
  A frilled lizard (D:1)
  3 rats (D:1)
12 creatures vanquished.

Notes
Turn   | Place    | Note
-------+----------+-------------------------------------------
     0 | D:1      | hilarita the Formicid Hunter began the quest for the Orb.
     0 | D:1      | Reached XP level 1. HP: 16/16 MP: 1/1
   274 | D:1      | Reached XP level 2. HP: 23/23 MP: 2/2
   611 | D:1      | Slain by a goblin

Vault maps used:
D:1:      wander_arrival_lonely_grave, minmay_distorted

Action                   || total
-------------------------++-------
Melee: Short sword       ||    54
 Fire: Hand crossbow     ||     1
Armor: Leather armour    ||    20
Dodge: Dodged            ||    25
Block: Kite shield       ||     8

Table legend:
 A = Spawn XP
 B = Non-spawn XP
 C = Spawn XP percentage of total XP
 D = Spawn monster count
 E = Non-spawn monster count
 F = Spawn count percentage of total count
 G = Total turns spent on level
                    A         B        C        D         E        F      G
               +---------+---------+-------+---------+---------+-------+---------
         Total |       1 |      20 |   4.8 |       1 |      11 |   8.3 |   611
               +---------+---------+-------+---------+---------+-------+---------
           D:1 |       1 |      20 |   4.8 |       1 |      11 |   8.3 |   611
               +---------+---------+-------+---------+---------+-------+---------
